 Dungeon Crawl Stone Soup version 0.20-a0-331-g5b3579f (webtiles) character file.

449 Amnesiac the Vexing (level 6, -2/32 HPs)
             Began as a Deep Elf Enchanter on Dec 21, 2016.
             Slain by Duvessa
             ... wielding a +0 short sword
              (10 damage)
             ... on level 5 of the Dungeon.
             The game lasted 00:09:10 (3562 turns).

Amnesiac the Vexing (Deep Elf Enchanter)            Turns: 3562, Time: 00:09:11

Health: -2/32      AC:  4    Str:  5    XL:     6   Next: 74%
Magic:  12/12      EV: 13    Int: 18    God:
Gold:   79         SH:  0    Dex: 17    Spells: 0/11 levels left

rFire  + . .     SeeInvis .     q - +1 dagger (venom)
rCold  x . .     Gourm    .     b - +1 robe
rNeg   . . .     Faith    .     (no shield)
rPois  .         Spirit   .     (no helmet)
rElec  .         Reflect  .     (no cloak)
rCorr  .         Harm     .     k - +0 pair of gloves
MR     .....                    (no boots)
Stlth  +.........               (no amulet)
                                r - -2 ring of intelligence (curse)
                                f - ring of fire (curse)

@: confused
A: no striking features
a: no special abilities


You were on level 5 of the Dungeon.
You were not hungry.

You visited 1 branch of the dungeon, and saw 5 of its levels.
You also visited: Ossuary.

You collected 194 gold pieces.
You spent 115 gold pieces at shops.

Inventory:

Hand Weapons
 q - a +1 dagger of venom (weapon)
Missiles
 j - 5 needles of paralysis
 x - 5 javelins of returning (quivered)
Armour
 b - a +1 robe (worn)
 k - a +0 pair of gloves (worn)
Jewellery
 f - a cursed ring of fire (left hand)
 l - an uncursed amulet of faith
 o - a +2 ring of strength {unknown}
 r - a cursed -2 ring of intelligence (right hand)
 s - an uncursed ring of resist corrosion
Wands
 u - a wand of enslavement (19/24)
Scrolls
 h - a scroll of magic mapping
 p - a scroll of identify
 t - a scroll of fear
 w - a scroll of amnesia
Potions
 g - a potion of cancellation
 i - a potion of brilliance {unknown}
 m - a potion of flight
 n - a potion of curing
 v - a potion of cure mutation {unknown}
Books
 c - a book of Maledictions

   Spells                             Type                      Level
   a - Corona                         Hexes                        1
   b - Ensorcelled Hibernation        Hexes/Ice                    2
   c - Confuse                        Hexes                        3
   d - Tukima's Dance                 Hexes                        3
   e - Dazzling Spray                 Conjuration/Hexes            3
Comestibles
 a - 2 meat rations
 d - 3 bread rations


   Skills:
 + Level 6.0 Short Blades
 - Level 2.4 Dodging
 - Level 4.0 Stealth
 - Level 3.0 Spellcasting
 - Level 6.0 Hexes


You couldn't memorise any spells.
You knew the following spells:

 Your Spells              Type           Power        Failure   Level  Hunger
a - Dazzling Spray        Conj/Hex       ##....       17%         3    ###....
e - Confuse               Hex            ###.....     4%          3    ###....
w - Tukima's Dance        Hex            ###.....     4%          3    ###....
z - Ensorcelled Hibernat  Hex/Ice        ##....       10%         2    ##.....


Dungeon Overview and Level Annotations

Branches:
Dungeon (5/15)
 Temple: D:4-7

Altars:

Shops:
D:5 *

Annotations:
D:5 Duvessa


Message History

Duvessa goes berserk!
Casting: Confuse
Confirm with . or Enter, or press ? or * to list all spells.
Aiming: Confuse
Press: ? - help, Shift-Dir - straight line, f - Duvessa
Aim: Duvessa, wielding a short sword and wearing a runed ring mail (moderately wounded, berserk, fast, unusually strong, chance to defeat MR: 36%) Duvessa easily resists.
Okay, then.
Okay, then.
Okay, then.
Unknown command.
It was a potion of ambrosia.
You are confused.
You feel invigorated.
Duvessa rages.
You bump into the rock wall.
Duvessa hits you but does no damage.
You bump into the rock wall.
Duvessa hits you with a short sword! x2
* * * LOW HITPOINT WARNING * * *
You bump into the rock wall.
Duvessa hits you with a short sword!
You die...

#.# #PP.P)......)# ..##.. #)###
#P.......##### ..# #. #...###
#P..P##(## #.# . ###...#
#.P..##.###### .# ###.##
###.##..##... #. .
#>[####).##.##..########.# .
##......###.##....#...##.###.
#####..###e#..........#..... #
####..##..@................ #
#......#.##.....).......8.. ##
##.####...##................ .#
##..####..####...............
.####..###....##
##........#.####
.##........##..#########...<...#
..Z.#.########.#...............#
##Z<..# #.........##......#
......# ###.......##......##


You could see Duvessa (berserk).

Vanquished Creatures
  A phantom (D:4)
  Dowan (D:5)
  A crimson imp (D:4)
  A bullfrog skeleton (D:5)
  A hound (D:5)
  A centaur skeleton (D:4)
  An iguana (D:4)
  A worker ant (D:4)
  A hound skeleton (D:5)
  2 worker ant zombies (D:5)
  3 gnolls (D:5)
  A shadow imp (D:5)
  An adder zombie (D:5)
  An adder skeleton (D:5)
  A dart slug (D:4)
  2 leopard geckos
  2 orcs
  2 bats (D:1)
  A giant cockroach (D:4)
  2 goblins
  3 hobgoblins (D:1)
  4 jackals (D:5)
  4 kobolds
  A quokka (D:2)
  A ball python (D:4)
  An orc zombie (Ossuary)
  A quokka skeleton (D:4)
  2 quokka zombies (D:5)
  3 rats
47 creatures vanquished.

Vanquished Creatures (collateral kills)
  A bullfrog (D:5)
  A gnoll (D:5)
2 creatures vanquished.

Grand Total: 49 creatures vanquished

Notes
Turn   | Place    | Note
-------+----------+-------------------------------------------
     0 | D:1      | Amnesiac the Deep Elf Enchanter began the quest for the Orb.
     0 | D:1      | Reached XP level 1. HP: 10/10 MP: 6/6
   487 | D:1      | Reached XP level 2. HP: 15/15 MP: 8/8
   493 | D:1      | Learned a level 2 spell: Ensorcelled Hibernation
   949 | D:4      | Noticed a phantom
  1105 | D:4      | Found a sand-covered staircase.
  1112 | Ossuary  | Entered an ossuary
  1134 | Ossuary  | Noticed anet's ghost (novice DEWz)
  1620 | D:4      | Reached skill level 5 in Hexes
  1620 | D:4      | Reached XP level 3. HP: 19/19 MP: 9/9
  1625 | D:4      | Learned a level 3 spell: Confuse
  1953 | D:4      | Learned a level 3 spell: Tukima's Dance
  1984 | D:5      | Entered Level 5 of the Dungeon
  1984 | D:5      | Found Zoath's Assorted Antiques.
  2008 | D:4      | Reached XP level 4. HP: 13/24 MP: 3/10
  2172 | D:5      | Bought a green potion for 15 gold pieces
  2172 | D:5      | Bought a fizzy purple potion for 15 gold pieces
  2172 | D:5      | Bought a runed wooden ring for 85 gold pieces
  2359 | D:4      | Reached XP level 5. HP: 26/28 MP: 0/11
  2611 | D:4      | Killed a phantom
  2862 | D:5      | Reached XP level 6. HP: 32/32 MP: 8/12
  2867 | D:5      | Learned a level 3 spell: Dazzling Spray
  2891 | D:5      | Reached skill level 5 in Short Blades
  3503 | D:5      | Noticed Duvessa
  3503 | D:5      | Noticed Dowan
  3545 | D:5      | Killed Dowan
  3562 | D:5      | Slain by Duvessa

Vault maps used:
D:1:      onia_arrival_pyramid
D:2:      chequers_ecumenical_altar_simple
D:3:      minmay_goblin_kobold_castle, first_bread, moated_statue,
          minmay_liquid_box, grunt_decor_cap
D:4:      kennysheep_big_flooded_room, nicolae_ossuary_entry_ruins
D:5:      serial_shops, shop, serial_undead, serial_undead_d, serial_undead_b,
          serial_undead_d, serial_undead_f, minmay_misc_feat_hallway,
          uniq_duvessa, uniq_crazy_yiuf_cottage
Ossuary:  ossuary_minmay_chase

Skill      XL: |  1  2  3  4  5  6 |
---------------+-------------------+-----
Stealth        | 4 |  4.0
Short Blades   | 2 3 4 6 |  6.0
Hexes          | 5 6 |  6.0
Dodging        | |  2.4
Spellcasting   | |  3.0

Action                   |  1- 3 |  4- 6 || total
-------------------------+-------+-------++-------
Melee: Dagger            |    93 |   145 ||   238
 Cast: Corona            |     8 |       ||     8
       Ensorcelled Hiber |    11 |     7 ||    18
       Confuse           |     3 |    30 ||    33
       Tukima's Dance    |       |     3 ||     3
  Use: Scroll            |     9 |       ||     9
       Potion            |     2 |     1 ||     3
 Stab: Sleeping          |    12 |     2 ||    14
       Confused          |       |    12 ||    12
  Eat: Beef jerky        |     1 |       ||     1
       Chunk             |     2 |     9 ||    11
Armor: Robe              |    26 |    15 ||    41
Dodge: Dodged            |   100 |    59 ||   159
